TOP OF THE 1ST |
Connecticut Tigers batting - Pitching for Chicago (NYP) White Sox : RHP Travis Stump
|
Pitching: RHP Travis Stump
|
|
Batting: RHB John Welch
|
0-0: Ball 1-0: Ball 2-0: SINGLE (Groundball, 4MD, EV 104.4 MPH)
|
Batting: RHB Travis Newton
|
0-0: Ball 1-0: Fly out, F8 (Flyball, 8RS, EV 88.1 MPH)
|
Batting: RHB John Evancho
|
0-0: Ball 1-0: Called Strike 1-1: TRIPLE (Flyball, 78XD, EV 102.5 MPH) John Welch scores
|
Batting: RHB Eric Angelle
|
0-0: Swinging Strike 0-1: Ball 1-1: Swinging Strike 1-2: Ball 2-2: Foul Ball, location: 2F 2-2: Strikes out swinging
|
Batting: RHB Eric Blaha
|
0-0: DOUBLE (Flyball, 89D, EV 108.1 MPH) John Evancho scores
|
Batting: RHB Vince Chipman
|
0-0: Foul Ball, location: 2F 0-1: Ball Wild Pitch! Eric Blaha to third 1-1: Foul Ball, location: 2F 1-2: Ground out 4-3 (Groundball, 4, EV 90.6 MPH)
|
Top of the 1st over - 2 runs, 3 hits, 0 errors, 1 left on base; Connecticut 2 - Chicago (NYP) 0 |
BOTTOM OF THE 1ST |
Chicago (NYP) White Sox batting - Pitching for Connecticut Tigers : RHP Alan Grossfeld
|
Pitching: RHP Alan Grossfeld
|
|
Batting: LHB Adam Tarbutton
|
0-0: Ball 1-0: Ball 2-0: Called Strike 2-1: Ball 3-1: Base on Balls
|
Batting: RHB Josiah Wright
|
0-0: Called Strike 0-1: Ball 1-1: SINGLE (Groundball, 3D, EV 100.0 MPH) Adam Tarbutton to second Runner from 2nd tries for 3rd, SAFE, throw by RF made to third
|
Batting: LHB Larry Myers
|
0-0: Ball 1-0: Foul Ball, location: 2F 1-1: Called Strike 1-2: Foul Ball, location: 2F 1-2: Foul Ball, location: 2F 1-2: Foul Ball, location: 2F 1-2: Reached on error, E4 (Groundball, 4, EV 80.6 MPH) Adam Tarbutton scores Josiah Wright to second
|
Batting: LHB Josh Pittman
|
0-0: Called Strike 0-1: Foul Ball, location: 2F 0-2: Ball 1-2: Foul Ball, location: 2F 1-2: Ball 2-2: Foul Ball, location: 2F 2-2: Foul Ball, location: 2F 2-2: Fly out, F7 (Flyball, 7, EV 93.1 MPH)
|
Batting: LHB Herkko Haavikko
|
0-0: Ball 1-0: Foul Ball, location: 2F 1-1: Ball 2-1: Fly out, F5 (Popup, 5F, EV 73.1 MPH)
|
Batting: RHB Mark Jones
|
0-0: Fly out, F6 (Flyball, 56D, EV 88.8 MPH)
|
Bottom of the 1st over - 1 run, 1 hit, 1 error, 2 left on base; Connecticut 2 - Chicago (NYP) 1 |
TOP OF THE 2ND |
Connecticut Tigers batting - Pitching for Chicago (NYP) White Sox : RHP Travis Stump
|
Batting: LHB Miguel Bojorquez
|
0-0: Ball 1-0: Ball 2-0: Called Strike 2-1: Swinging Strike 2-2: Foul Ball, location: 2F 2-2: Foul Ball, location: 2F 2-2: Strikes out swinging
|
Batting: RHB Rocky Hart
|
0-0: Called Strike 0-1: Ball 1-1: Called Strike 1-2: Ground out 4-3 (Groundball, 34D, EV 107.5 MPH)
|
Batting: SHB Dan Crutchfield
|
0-0: Ball 1-0: Ball 2-0: Foul Ball, location: 2F 2-1: Foul Ball, location: 2F 2-2: Ball 3-2: Strikes out looking
|
Top of the 2nd over - 0 runs, 0 hits, 0 errors, 0 left on base; Connecticut 2 - Chicago (NYP) 1 |
BOTTOM OF THE 2ND |
Chicago (NYP) White Sox batting - Pitching for Connecticut Tigers : RHP Alan Grossfeld
|
Batting: RHB Nick Richardson
|
0-0: Ball 1-0: Ground out 5-3 (Groundball, 56S, EV 85.6 MPH)
|
Batting: RHB Yorkis Saiki
|
0-0: Foul Ball, location: 2F 0-1: Ball 1-1: Foul Ball, location: 2F 1-2: Ball 2-2: Ball 3-2: Base on Balls
|
Batting: RHB Victor Orozco
|
0-0: Fielders Choice at 2nd, 6-4 (Groundball, 6, EV 80.0 MPH)
|
Batting: LHB Adam Tarbutton
|
0-0: Ball 1-0: SINGLE (Groundball, 56S, EV 66.9 MPH) (infield hit) Victor Orozco to second
|
Batting: RHB Josiah Wright
|
0-0: Swinging Strike 0-1: Ball Passed Ball! Victor Orozco to third Adam Tarbutton to second 1-1: Foul Ball, location: 2F 1-2: SINGLE (Line Drive, 7S, EV 96.9 MPH) Victor Orozco scores Adam Tarbutton to third Throwing error, E7 Adam Tarbutton scores Josiah Wright to second
|
Batting: LHB Larry Myers
|
0-0: Ball Josiah Wright steals 3rd base 1-0: Ball 2-0: Called Strike 2-1: Foul Ball, location: 2F 2-2: Ball 3-2: Base on Balls
|
Batting: LHB Josh Pittman
|
0-0: Ball 1-0: SINGLE (Groundball, 6MD, EV 115.6 MPH) Josiah Wright scores Larry Myers to second Runner from 2nd tries for 3rd, SAFE after rundown.
|
Batting: LHB Herkko Haavikko
|
0-0: Foul Ball, location: 2F 0-1: Ball 1-1: Swinging Strike 1-2: Ball 2-2: SINGLE (Groundball, 34D, EV 95.6 MPH) Larry Myers scores Josh Pittman to second Runner from 2nd tries for 3rd, SAFE, throw by RF made to third Herkko Haavikko to second
|
Batting: RHB Mark Jones
|
0-0: Fly out, F7 (Flyball, 7LM, EV 86.9 MPH)
|
Bottom of the 2nd over - 4 runs, 4 hits, 1 error, 2 left on base; Connecticut 2 - Chicago (NYP) 5 |
TOP OF THE 3RD |
Connecticut Tigers batting - Pitching for Chicago (NYP) White Sox : RHP Travis Stump
|
Batting: RHB John Welch
|
0-0: Swinging Strike 0-1: Called Strike 0-2: Ball 1-2: Ball 2-2: Strikes out looking
|
Batting: RHB Travis Newton
|
0-0: Swinging Strike 0-1: Swinging Strike 0-2: Ball 1-2: Strikes out swinging
|
Batting: RHB John Evancho
|
0-0: SINGLE (Groundball, 6M, EV 96.2 MPH) (infield hit)
|
Batting: RHB Eric Angelle
|
0-0: Ball 1-0: Ball 2-0: Ball 3-0: Called Strike 3-1: Called Strike 3-2: Foul Ball, location: 2F 3-2: Foul Ball, location: 2F 3-2: Strikes out swinging
|
Top of the 3rd over - 0 runs, 1 hit, 0 errors, 1 left on base; Connecticut 2 - Chicago (NYP) 5 |
BOTTOM OF THE 3RD |
Chicago (NYP) White Sox batting - Pitching for Connecticut Tigers : RHP Alan Grossfeld
|
Batting: RHB Nick Richardson
|
0-0: Ball 1-0: Ground out 5-3 (Groundball, 56, EV 80.0 MPH)
|
Batting: RHB Yorkis Saiki
|
0-0: Ball 1-0: SINGLE (Groundball, 34D, EV 106.2 MPH)
|
Batting: RHB Victor Orozco
|
0-0: Swinging Strike 0-1: Swinging Strike 0-2: Ball 1-2: Grounds into double play, 5-4-3 (Groundball, 5, EV 94.4 MPH)
|
Bottom of the 3rd over - 0 runs, 1 hit, 0 errors, 0 left on base; Connecticut 2 - Chicago (NYP) 5 |
TOP OF THE 4TH |
Connecticut Tigers batting - Pitching for Chicago (NYP) White Sox : RHP Travis Stump
|
Batting: RHB Eric Blaha
|
0-0: Ground out 4-3 (Groundball, 4, EV 83.8 MPH)
|
Batting: RHB Vince Chipman
|
0-0: Ball 1-0: Called Strike 1-1: Foul Ball, location: 2F 1-2: Ball 2-2: Foul Ball, location: 2F 2-2: Strikes out swinging
|
Batting: LHB Miguel Bojorquez
|
0-0: Ball 1-0: Ball 2-0: Called Strike 2-1: Called Strike 2-2: Foul Ball, location: 2F 2-2: Foul Ball, location: 2F 2-2: Ball 3-2: Base on Balls
|
Batting: RHB Rocky Hart
|
0-0: Ground out 1-3 (Groundball, 13S, EV 68.8 MPH)
|
Top of the 4th over - 0 runs, 0 hits, 0 errors, 1 left on base; Connecticut 2 - Chicago (NYP) 5 |
BOTTOM OF THE 4TH |
Chicago (NYP) White Sox batting - Pitching for Connecticut Tigers : RHP Alan Grossfeld
|
Batting: LHB Adam Tarbutton
|
0-0: Ball 1-0: Ball 2-0: Ball 3-0: Called Strike 3-1: Foul Ball, location: 2F 3-2: Base on Balls
|
Batting: RHB Josiah Wright
|
0-0: Ball Adam Tarbutton steals 2nd base (no throw) 1-0: Swinging Strike 1-1: Ball 2-1: Called Strike 2-2: Strikes out swinging
|
Batting: LHB Larry Myers
|
0-0: Ball 1-0: Ground out U3 (Groundball, 3, EV 81.9 MPH) Adam Tarbutton to third
|
Batting: LHB Josh Pittman
|
0-0: Swinging Strike 0-1: Ball 1-1: Called Strike 1-2: Strikes out swinging
|
Bottom of the 4th over - 0 runs, 0 hits, 0 errors, 1 left on base; Connecticut 2 - Chicago (NYP) 5 |
TOP OF THE 5TH |
Connecticut Tigers batting - Pitching for Chicago (NYP) White Sox : RHP Travis Stump
|
Batting: SHB Dan Crutchfield
|
0-0: Ball 1-0: Foul Ball, location: 2F 1-1: Foul Ball, location: 2F 1-2: Ball 2-2: Ball 3-2: Strikes out swinging
|
Batting: RHB John Welch
|
0-0: Ball 1-0: Ground out 4-3 (Groundball, 4, EV 89.4 MPH)
|
Batting: RHB Travis Newton
|
0-0: Ball 1-0: Foul Ball, location: 2F 1-1: Called Strike 1-2: Strikes out swinging
|
Top of the 5th over - 0 runs, 0 hits, 0 errors, 0 left on base; Connecticut 2 - Chicago (NYP) 5 |
BOTTOM OF THE 5TH |
Chicago (NYP) White Sox batting - Pitching for Connecticut Tigers : RHP Alan Grossfeld
|
Batting: LHB Herkko Haavikko
|
0-0: Ball 1-0: Swinging Strike 1-1: Ball 2-1: Ball 3-1: Base on Balls
|
Batting: RHB Mark Jones
|
0-0: Called Strike 0-1: Ball 1-1: Ball 2-1: Foul Ball, location: 2F 2-2: Grounds into double play, U3-6 (Groundball, 3L, EV 102.5 MPH)
|
Batting: RHB Nick Richardson
|
0-0: Ball 1-0: Ball 2-0: Ball 3-0: Base on Balls
|
Batting: RHB Yorkis Saiki
|
0-0: Ground out 6-3 (Groundball, 6S, EV 84.4 MPH)
|
Bottom of the 5th over - 0 runs, 0 hits, 0 errors, 1 left on base; Connecticut 2 - Chicago (NYP) 5 |
TOP OF THE 6TH |
Connecticut Tigers batting - Pitching for Chicago (NYP) White Sox : RHP Travis Stump
|
Batting: RHB John Evancho
|
0-0: Ball 1-0: Called Strike 1-1: Foul Ball, location: 2F 1-2: Ball 2-2: Reached on error, E2 (Groundball, 2L, EV 68.8 MPH)
|
Batting: RHB Eric Angelle
|
0-0: Ball 1-0: Called Strike 1-1: Ball 2-1: Fly out, F8 (Line Drive, 8RD, EV 98.1 MPH)
|
Batting: RHB Eric Blaha
|
0-0: Called Strike John Evancho steals 2nd base 0-1: Ball 1-1: Foul Ball, location: 2F 1-2: Ball 2-2: Ground out U3 (Groundball, 34, EV 100.6 MPH) John Evancho to third
|
Pitching: RHP Adam Rasmussen
|
|
Batting: RHB Vince Chipman
|
0-0: Called Strike 0-1: Foul Ball, location: 2F 0-2: Ball 1-2: Foul Ball, location: 2F 1-2: Foul Ball, location: 2F 1-2: Ball 2-2: Fly out, F3 (Flyball, 3D, EV 74.4 MPH)
|
Top of the 6th over - 0 runs, 0 hits, 1 error, 1 left on base; Connecticut 2 - Chicago (NYP) 5 |
BOTTOM OF THE 6TH |
Chicago (NYP) White Sox batting - Pitching for Connecticut Tigers : RHP Alan Grossfeld
|
Pitching: RHP Bert Hernandez
|
|
Batting: RHB Victor Orozco
|
0-0: Ball 1-0: Called Strike 1-1: DOUBLE (Flyball, 78XD, EV 105.6 MPH)
|
Batting: LHB Adam Tarbutton
|
0-0: TRIPLE (Line Drive, 89XD, EV 104.4 MPH) Victor Orozco scores
|
Pitching: RHP Jerome Stady
|
|
Batting: RHB Josiah Wright
|
0-0: Called Strike 0-1: Ball 1-1: Hit by Pitch
|
Batting: LHB Larry Myers
|
0-0: Ball 1-0: Called Strike 1-1: Ball 2-1: Foul Ball, location: 2F 2-2: Fly out, F8 (Flyball, 89M, EV 91.9 MPH) Runner from 3rd tags up, SCORES, throw by CF
|
Batting: LHB Josh Pittman
|
0-0: Called Strike 0-1: Ball Josiah Wright steals 2nd base 1-1: Swinging Strike 1-2: DOUBLE (Flyball, 78XD, EV 95.0 MPH) Josiah Wright scores
|
Batting: LHB Herkko Haavikko
|
0-0: Foul Ball, location: 2F 0-1: Called Strike 0-2: Foul Ball, location: 2F 0-2: Foul Ball, location: 2F 0-2: Ground out U3 (Groundball, 3, EV 89.4 MPH) Josh Pittman to third
|
Batting: RHB Mark Jones
|
0-0: Ball 1-0: Called Strike 1-1: Called Strike 1-2: Fly out, F9 (Flyball, 9, EV 90.0 MPH)
|
Bottom of the 6th over - 3 runs, 3 hits, 0 errors, 1 left on base; Connecticut 2 - Chicago (NYP) 8 |
TOP OF THE 7TH |
Connecticut Tigers batting - Pitching for Chicago (NYP) White Sox : RHP Adam Rasmussen
|
Batting: LHB Miguel Bojorquez
|
0-0: Ball 1-0: Ball 2-0: Called Strike 2-1: Foul Ball, location: 2RF, Error on foul ball, E2 2-2: Ball 3-2: Foul Ball, location: 2F 3-2: Reached via error on a dropped throw from 1B, E1 (Groundball, 34, EV 109.4 MPH)
|
Batting: RHB Rocky Hart
|
0-0: Swinging Strike 0-1: Ball 1-1: Foul Ball, location: 2F 1-2: Strikes out swinging
|
Batting: SHB Dan Crutchfield
|
0-0: Ball 1-0: Called Strike Miguel Bojorquez is caught stealing 2nd base 2-6 1-1: Fly out, F8 (Flyball, 78D, EV 75.6 MPH)
|
Top of the 7th over - 0 runs, 0 hits, 2 errors, 0 left on base; Connecticut 2 - Chicago (NYP) 8 |
BOTTOM OF THE 7TH |
Chicago (NYP) White Sox batting - Pitching for Connecticut Tigers : RHP Jerome Stady
|
Batting: RHB Nick Richardson
|
0-0: Ball 1-0: Foul Ball, location: 2F 1-1: Foul Ball, location: 2F 1-2: Ball 2-2: Strikes out swinging
|
Pitching: RHP Tony Kepp
|
|
Batting: RHB Yorkis Saiki
|
0-0: Fly out, F9 (Flyball, 9, EV 79.4 MPH)
|
Batting: RHB Victor Orozco
|
0-0: Foul Ball, location: 2F 0-1: Ball 1-1: Fly out, F8 (Flyball, 8LD, EV 102.5 MPH)
|
Bottom of the 7th over - 0 runs, 0 hits, 0 errors, 0 left on base; Connecticut 2 - Chicago (NYP) 8 |
TOP OF THE 8TH |
Connecticut Tigers batting - Pitching for Chicago (NYP) White Sox : RHP Adam Rasmussen
|
Batting: RHB John Welch
|
0-0: Ball 1-0: Ground out 5-3 (Groundball, 56, EV 87.5 MPH)
|
Batting: RHB Travis Newton
|
0-0: Fly out, F5 (Line Drive, 5, EV 61.9 MPH)
|
Batting: RHB John Evancho
|
0-0: Ball 1-0: Swinging Strike 1-1: Ground out 6-3 (Groundball, 6, EV 86.2 MPH)
|
Top of the 8th over - 0 runs, 0 hits, 0 errors, 0 left on base; Connecticut 2 - Chicago (NYP) 8 |
BOTTOM OF THE 8TH |
Chicago (NYP) White Sox batting - Pitching for Connecticut Tigers : RHP Tony Kepp
|
Batting: LHB Adam Tarbutton
|
0-0: Ball 1-0: Ball 2-0: Foul Ball, location: 2F 2-1: Swinging Strike 2-2: Ground out 3-1 (Groundball, 34S, EV 87.5 MPH)
|
Batting: RHB Josiah Wright
|
0-0: Ball 1-0: Ball 2-0: Ball 3-0: Base on Balls
|
Batting: LHB Larry Myers
|
0-0: Ball Josiah Wright steals 2nd base (no throw) 1-0: Swinging Strike 1-1: Fly out, F2 (Popup, 2RF, EV 75.6 MPH)
|
Batting: LHB Josh Pittman
|
0-0: Ball 1-0: Ball 2-0: Called Strike 2-1: Ball 3-1: DOUBLE (Line Drive, 8LXD, EV 106.2 MPH) Josiah Wright scores
|
Pinch Hitting: LHB Jeff Alphonso
|
0-0: Foul Ball, location: 2F 0-1: Ball 1-1: Ball Wild Pitch! Josh Pittman to third 2-1: Ball 3-1: Called Strike 3-2: Foul Ball, location: 2F 3-2: Foul Ball, location: 2F 3-2: Base on Balls
|
Batting: RHB Mark Jones
|
0-0: Foul Ball, location: 2F 0-1: Fly out, F8 (Line Drive, 8LM, EV 91.9 MPH)
|
Bottom of the 8th over - 1 run, 1 hit, 0 errors, 2 left on base; Connecticut 2 - Chicago (NYP) 9 |
TOP OF THE 9TH |
Connecticut Tigers batting - Pitching for Chicago (NYP) White Sox : RHP Adam Rasmussen
|
Now in RF: Jeff Alphonso
|
|
Batting: RHB Eric Angelle
|
0-0: Ball 1-0: Ball 2-0: Fly out, F7 (Flyball, 78S, EV 89.4 MPH)
|
Batting: RHB Eric Blaha
|
0-0: Called Strike 0-1: Ball 1-1: Ball 2-1: Foul Ball, location: 2F 2-2: Strikes out swinging
|
Batting: RHB Vince Chipman
|
0-0: Ball 1-0: Ball 2-0: Swinging Strike 2-1: Foul Ball, location: 2F 2-2: Ball 3-2: Strikes out swinging
|
Top of the 9th over - 0 runs, 0 hits, 0 errors, 0 left on base; Connecticut 2 - Chicago (NYP) 9 |
|